 Dungeon Crawl Stone Soup version 0.30-a0-996-ga6910c8ee8 (webtiles) character file.

Game seed: 17979592236806155014

103 ThatPearl the Ruffian (level 4, 0/35 HPs)
             Began as a Draconian Transmuter on Apr 4, 2023.
             Slain by an orc
             ... wielding a +0 mace
              (1 damage)
             ... on level 3 of the Dungeon.
             The game lasted 00:03:44 (1758 turns).

ThatPearl the Ruffian (Draconian Transmuter)        Turns: 1758, Time: 00:03:45

Health: 0/35       AC:  5    Str: 12    XL:     4   Next: 51%
Magic:  15/16      EV: 12    Int: 16    God:
Gold:   129        SH:  0    Dex: 11    Spells: 0/7 levels left

rFire   . . .      SeeInvis .      - Unarmed
rCold   . . .      Faith    .    (no shield)
rNeg    . . .      Spirit   .    (body armour unavailable)
rPois   +          Reflect  .    (helmet currently unavailable)
rElec   .          Rampage  .    (no cloak)
rCorr   .                        (no gloves)
Will    .....                    (boots currently unavailable)
Stlth   +                        (no amulet)
HPRegen 0.25/turn                n - ring of poison resistance
MPRegen 0.15/turn                e - ring of magical power

@: appendages (expiring)
A: horns 2, talons 2, AC +5, unfitting armour, cold-blooded
a: End Transformation


You were on level 3 of the Dungeon.
You had temporarily grown beastly horns and talons.
You visited 1 branch of the dungeon, and saw 3 of its levels.

You collected 129 gold pieces.

Inventory:

Magical Staves
 k - a staff of earth
Jewellery
 d - a ring of ice
 e - a ring of magical power (right hand)
 j - a ring of ice
 n - a ring of poison resistance (left hand)
Scrolls
 c - a scroll of fog {unknown}
 f - 3 scrolls of identify {unknown}
 g - a scroll of teleportation {unknown}
 l - a scroll of amnesia {unknown}
 o - a scroll of blinking {unknown}
Potions
 a - a potion of lignification
 b - a potion of brilliance {unknown}
 h - 2 potions of degeneration {unknown}
 i - a potion of resistance {unknown}
 m - a potion of berserk rage {unknown}


   Skills:
 - Level 1.1 Fighting
 - Level 1.7 Dodging
 + Level 4.3 Unarmed Combat
 - Level 2.0 Spellcasting
 + Level 3.6 Transmutations
 + Level 0.2 Ice Magic


You couldn't memorise any spells.
You knew the following spells:

 Your Spells              Type           Power      Damage    Failure   Level
a - Beastly Appendage     Tmut           26%        N/A       4%          1
i - Ice Form              Ice/Tmut       7%         N/A       67%         4
w - Wereblood             Tmut           13%        N/A       7%          2

Your spell library contained the following spells:

 Spells                   Type           Power      Damage    Failure   Level
 Spider Form              Tmut/Pois      7%         N/A       30%         3


Dungeon Overview and Level Annotations

Branches:
Dungeon (3/15)

Altars:


Innate Abilities, Weirdness & Mutations

You have temporarily grown beastly horns and talons.
Your plain brown scales are hard. (AC +5)
You cannot fit into any form of body armour.
You are cold-blooded and may be slowed by cold attacks.


Message History

The orc shouts!
You hit the orc.
You kill the orc!
You feel sick.
You are no longer poisoned.
You hear a shout! x2
You hit the orc but do no damage. The orc closely misses you.
You closely miss the orc.
Your horns disappear.
Your talons disappear.
The orc barely misses you.
An orc comes into view. It is wielding a +0 mace.
You closely miss the orc. The orc hits you but does no damage.
You hit the orc but do no damage. The orc hits you but does no damage.
You barely miss the orc. You hit the orc but do no damage.
You hit the orc but do no damage.
Your tail-slap misses the orc.
The orc closely misses you. The orc hits you with a +0 mace.
Casting: Beastly Appendage (safe; 4% risk of failure)
Press: ? - help, Q - select action, (/) - cycle Dir - look around, f - activate You grow a pair of large bovine horns.
Your feet morph into talons.
The orc hits you but does no damage. The orc hits you with a +0 mace.
You closely miss the orc. Your punch misses the orc.
The orc hits you with a +0 whip. The orc hits you with a +0 mace.
You hit the orc but do no damage. The orc hits you with a +0 mace.
* * * LOW HITPOINT WARNING * * *
The orc hits you with a +0 whip.
* * * LOW HITPOINT WARNING * * *
You hit the orc. Your kick misses the orc.
The orc is heavily wounded.
You hit the orc. Your punch misses the orc.
The orc is moderately wounded.
Your transformation is almost over.
The orc closely misses you. The orc barely misses you.
You barely miss the orc. Your kick misses the orc.
Your headbutt misses the orc. You tail-slap the orc.
The orc is severely wounded.
The orc hits you with a +0 whip.
* * * LOW HITPOINT WARNING * * *
The orc hits you with a +0 mace.
You die...

########.####.....#
#. #...>......# #.#
######.†...# #.#
#........#..#
#........#.#
#..........#
#..........#
#.......##.#
#.....)@# .#
#.....oo#
#........#
..###.#.)# .#
#.##.. #. ###. #.
#. .. ..


You could see 2 orcs.

Vanquished Creatures
  Robin (D:2)
  3 adders (D:2)
  A worm (D:2)
  2 dart slugs
  An orc (D:3)
  3 endoplasms (D:1)
  A giant cockroach (D:2)
  10 goblins
  12 hobgoblins
  5 ball pythons
  6 bats
  A frilled lizard (D:2)
  6 kobolds
  3 rats
55 creatures vanquished.

Vanquished Creatures (others)
  2 fungi (D:3)
2 creatures vanquished.

Grand Total: 57 creatures vanquished

Notes
Turn   | Place    | Note
-------+----------+-------------------------------------------
     0 | D:1      | ThatPearl the Draconian Transmuter began the quest for the
                  | Orb.
     0 | D:1      | Reached XP level 1. HP: 16/16 MP: 3/3
   176 | D:1      | Reached XP level 2. HP: 22/23 MP: 3/5
   197 | D:1      | Learned a level 2 spell: Wereblood
   615 | D:1      | Reached XP level 3. HP: 23/28 MP: 4/6
   900 | D:2      | Reached skill level 4 in Unarmed Combat
   968 | D:2      | Noticed Robin
   979 | D:2      | Reached XP level 4. HP: 34/35 MP: 3/7
   987 | D:2      | Killed Robin
  1311 | D:2      | Learned a level 4 spell: Ice Form
  1758 | D:3      | HP: 1/35 [orc/+0 whip (5)]
  1758 | D:3      | Slain by an orc

Illustrated notes

Levels and vault maps discovered:
D:1:      lightli_arrival_statue_moat, layout_loops_ring
D:2:      layout_rooms, serial_rivers, chequers_serial_rivers_micro_a,
          chequers_serial_rivers_small_3, chequers_serial_rivers_large_b,
          chequers_serial_rivers_small_b, minmay_ruptured, uniq_robin
D:3:      layout_rooms, minitemple, shapermc_ecumenical_altar_mp_urbaneastern,
          minivault_23, mrwooster_statue_mirror

Skill      XL: |  1  2  3 |
---------------+----------+-----
Transmutations | 3 |  3.6
Unarmed Combat | 4 |  4.3
Fighting       | |  1.1
Dodging        | |  1.7
Spellcasting   | |  2.0
Ice Magic      | |  0.2

Action                     |  1- 3 |  4- 6 || total
---------------------------+-------+-------++-------
  Melee: Unarmed           |    95 |    59 ||   154
         Tailslap          |    12 |     8 ||    20
         Kick              |    12 |     5 ||    17
         Headbutt          |     8 |     2 ||    10
         Punch             |       |     1 ||     1
   Cast: Beastly Appendage |    20 |     7 ||    27
         Wereblood         |     1 |       ||     1
   Stab: Sleeping          |       |     1 ||     1
 Armour: Skin              |    25 |    15 ||    40
  Dodge: Dodged            |    67 |    22 ||    89

Table legend: (Time is in decaauts)
 A = Elapsed time spent in this place.
 B = Non-inter-level travel time spent in this place.
 C = Inter-level travel time spent in this place.
 D = Time resting spent in this place.
 E = Time spent auto-exploring this place.
 F = Levels seen in this place.
 G = Mean time per level.
                   A        B        C        D        E       F      G
               +--------+--------+--------+--------+--------+-----+--------+
         Total |   1789 |   1709 |     80 |      0 |   1256 |   3 |  596.3 |
       Dungeon |   1789 |   1709 |     80 |      0 |   1256 |   3 |  596.3 |
               +--------+--------+--------+--------+--------+-----+--------+

Top non-repeatable levels by time:
     D:2: 900 daAuts
     D:1: 836 daAuts
     D:3: 52 daAuts
